 Dungeon Crawl Stone Soup version 0.28-a0-1334-g1c9ffb4daf (webtiles) character file.

Game seed: 3444228176662226125

1505 Lekart the Cleaver (level 8, -7/70 HPs)
             Began as a Black Draconian Chaos Knight on Dec 24, 2021.
             Was a Plaything of Xom.
             Killed by divine providence
             ... invoked by a meliai
              (8 damage)
             ... on level 6 of the Dungeon on Dec 28, 2021.
             The game lasted 00:12:46 (5529 turns).

Lekart the Cleaver (Black Draconian Chaos Knight)   Turns: 5529, Time: 00:12:46

Health: -7/70      AC:  6    Str: 14    XL:     8   Next: 52%
Magic:  8/8        EV: 14    Int: 14    God:    Xom [*.....]
Gold:   213        SH:  0    Dex: 12    Spells: 7/7 levels left

rFire   + . .      SeeInvis .   b - +2 hand axe (elec)
rCold   + . .      Faith    .   (no shield)
rNeg    . . .      Spirit   .   (armour unavailable)
rPois   +          Reflect  .   (helmet restricted)
rElec   +          Harm     .   (no cloak)
rCorr   +          Rampage  .   (no gloves)
Will    +....                   (no boots)
Stlth   +.........              (no amulet)
HPRegen 0.21/turn               g - ring of willpower
MPRegen 0.11/turn               (no ring)

@: resistant
A: breathe lightning, AC +6, unfitting armour, electricity resistance,
cold-blooded, sense surroundings 1, poison resistance
a: Breathe Lightning, Renounce Religion


You were on level 6 of the Dungeon.
You worshipped Xom.
You were a special plaything of Xom.
You visited 2 branches of the dungeon, and saw 7 of its levels.

You collected 213 gold pieces.

Inventory:

Hand Weapons
 a - a +0 hand axe of chaos
 b - a +2 hand axe of electrocution (weapon)
Armour
 n - a +0 pair of boots
Jewellery
 d - a ring of ice
 g - a ring of willpower (left hand)
 j - an amulet of magic regeneration
 k - a ring of flight
Wands
 e - a wand of charming (4)
 o - a wand of digging (2)
Scrolls
 m - 2 scrolls of identify
 p - a scroll of acquirement {unknown}
Potions
 c - a potion of brilliance
 i - 3 potions of lignification {unknown}
 l - a potion of might {unknown}


   Skills:
 + Level 6.1 Fighting
 + Level 8.1 Axes
 + Level 5.7 Dodging
 + Level 0.3 Evocations


You had 7 spell levels left.
You didn't know any spells.
Your spell library contained the following spells:

 Spells                   Type           Power      Damage    Failure   Level
 Passwall                 Tmut/Erth      0%         N/A       41%         2
 Ignite Poison            Fire/Tmut/Pois 0%         N/A       65%         3
 Mephitic Cloud           Conj/Pois/Air  0%         N/A       65%         3
 Swiftness                Air            0%         N/A       65%         3
 Freezing Cloud           Conj/Ice/Air   0%         6-21      100%        5


Dungeon Overview and Level Annotations

Branches:
Dungeon (6/15)             Temple (1/1) D:4

Altars:
Cheibriados
Dithmenos
Elyvilon
Fedhas
Hepliaklqana
Kikubaaqudgha
Makhleb
Nemelex Xobeh
Qazlal
Ru
Sif Muna
Trog
Uskayaw
Vehumet
Wu Jian
Zin

Annotations:
D:3 3 runed translucent doors, fritzmikael's ghost, amateur DsAE
D:4 2 transporters, Glokmah's ghost, amateur HOWn
D:6 3 runed translucent doors, bezhaha's ghost, novice OpWz


Innate Abilities, Weirdness & Mutations

You can breathe wild blasts of lightning.
Your glossy black scales are hard. (AC +6)
You cannot fit into any form of body armour.
You are resistant to electric shocks. (rElec)
You are cold-blooded and may be slowed by cold attacks.
You passively map a small area around you.
Your system is resistant to poisons. (rPois)


Message History

You see here a scroll of identify.
Found a scroll labelled LAMYSE WANIV.
An ice beast comes into view.
The ice beast closely misses you.
You barely miss the ice beast.
You tail-slap the ice beast, but do no damage.
The ice beast barely misses you.
You hit the ice beast.
The ice beast is lightly wounded.
The ice beast barely misses you.
You hit the ice beast. You tail-slap the ice beast.
The ice beast is moderately wounded.
You are now a special plaything of Xom.
You hear Xom's avuncular chuckle.
The ice beast evaporates and reforms as a meliai!
The meliai mumbles some strange prayers to its god against you.
Something smites you!
The meliai calls down the wrath of its god upon you.
Something smites you!
You hear an angry hiss.
Okay, then.
Okay, then.
The meliai hits you. The meliai misses you. The meliai barely misses you.
The meliai stings you but does no damage.
Found a short brass wand and 14 gold pieces.
The meliai mumbles some strange prayers to its god against you.
Something smites you!
It was a potion of cancellation.
You feel magically purged. The meliai closely misses you. x2
The meliai invokes the aid of its god against you.
Something smites you!
* * * LOW HITPOINT WARNING * * *
It was a potion of resistance.
You feel protected. The meliai barely misses you. The meliai stings you!
* * * LOW HITPOINT WARNING * * *
The meliai invokes the aid of its god against you.
Something smites you!
You die...
Xom thinks this is hilarious!

#.#. , #
#.#.# * #
*...## , #
##...#*
####* * #
#....
,,... , *
# #... #.#
* * #
#.?#####.#
#
#....K.y.#
#
##.#####@#
# #.# #.#
# #.# #.#
# #.# #/#
# ,
#.#####$#
# **
#....?#.#
# >*
#####.#.#
#
#####.#.#
#
#..?....#
#


You could see a kobold brigand and a meliai.

Vanquished Creatures
  Edmund (D:6)
  A necrophage (D:6)
  3 ogres
  2 bullfrogs (D:4)
  3 kobold brigands (D:6)
  3 scorpions
  2 hounds
  2 bullfrog skeletons
  An iguana (D:6)
  An orc wizard (D:4)
  6 adders
  A shadow imp (D:5)
  2 worms
  5 dart slugs
  7 orcs
  3 endoplasms
  3 giant cockroaches
  6 goblins
  3 hobgoblins
  4 jackals
  6 kobolds
  7 quokkas
  5 ball pythons
  10 bats
  2 frilled lizards (D:1)
  5 rats
94 creatures vanquished.

Vanquished Creatures (collateral kills)
  An ogre (D:4)
  A kobold brigand (D:6)
  An adder (D:3)
  A shadow imp (D:3)
  An endoplasm (D:4)
  A bat (D:3)
  A kobold (D:4)
7 creatures vanquished.

Vanquished Creatures (others)
  A kobold demonologist (D:6)
  4 fungi (D:6)
  6 plants (D:4)
11 creatures vanquished.

Grand Total: 112 creatures vanquished

Notes
Turn   | Place    | Note
-------+----------+-------------------------------------------
     0 | D:1      | Lekart the Draconian Chaos Knight began the quest for the
                  | Orb.
     0 | D:1      | Reached XP level 1. HP: 19/19 MP: 1/1
   161 | D:1      | Reached XP level 2. HP: 25/26 MP: 2/2
   324 | D:1      | XOM: silly message
   610 | D:1      | XOM: polymorph endoplasm -> orc
   886 | D:1      | XOM: divination: magic mapping
  1027 | D:2      | Reached XP level 3. HP: 33/33 MP: 3/3
  1106 | D:2      | XOM: potion effect (brilliance)
  1422 | D:2      | Reached skill level 4 in Axes
  1452 | D:2      | XOM: silly message
  1617 | D:2      | Reached XP level 4. HP: 31/40 MP: 4/4
  1741 | D:2      | Found a faded altar of an unknown god.
  2006 | D:2      | XOM: give mutations
  2006 | D:2      | Gained mutation: You are resistant to electric shocks.
                  | (rElec) [Xom's grace]
  2006 | D:2      | Gained mutation: Your system is resistant to poisons.
                  | (rPois) [Xom's grace]
  2006 | D:2      | Gained mutation: You have hidden genetic potential. [Xom's
                  | grace]
  2006 | D:2      | Gained mutation: You expend magic power (3 MP) to
                  | strengthen your wands. [Xom's grace]
  2032 | D:2      | XOM: summons 1 hostile shadow creature
  2751 | D:3      | Found a runed translucent gate.
  2752 | D:3      | Found a runed translucent gate.
  2753 | D:3      | Found a runed translucent gate.
  2754 | D:3      | Noticed fritzmikael's ghost (amateur DsAE)
  3305 | D:4      | Noticed an ogre
  3346 | D:4      | XOM: divination: magic mapping
  3350 | D:4      | XOM: enchant monster (good)
  3367 | D:4      | Noticed a bullfrog
  3367 | D:4      | an ogre changed into a bullfrog
  3373 | D:4      | Killed a bullfrog
  3374 | D:4      | Reached XP level 5. HP: 36/47 MP: 5/5
  3376 | D:4      | Gained mutation: You are robust. (+10% HP) [hidden
                  | potential]
  3475 | D:4      | Upgraded the game from 0.28-a0-1234-g826d19b2e0 to
                  | 0.28-a0-1334-g1c9ffb4daf
  3475 | D:4      | Found a transporter.
  3503 | D:4      | Noticed Glokmah's ghost (amateur HOWn)
  3523 | D:4      | Reached skill level 5 in Axes
  3528 | D:4      | Found a staircase to the Ecumenical Temple.
  3612 | Temple   | Entered the Ecumenical Temple
  3750 | D:4      | Reached XP level 6. HP: 58/58 MP: 6/6
  3798 | D:4      | Gained mutation: You passively map a small area around you.
                  | [hidden potential]
  3798 | D:4      | Lost mutation: You have hidden genetic potential. [hidden
                  | potential expressed]
  3846 | D:4      | XOM: smoke on damage
  4023 | D:4      | Reached skill level 5 in Fighting
  4023 | D:4      | Reached skill level 6 in Axes
  4023 | D:4      | Your scales start taking on a glossy black colour.
  4023 | D:4      | Reached XP level 7. HP: 67/67 MP: 7/7
  4023 | D:4      | Mutation became permanent: You are resistant to electric
                  | shocks. (rElec) [Black Draconian growth]
  4023 | D:4      | Gained mutation: You are resistant to electric shocks.
                  | (rElec) [Black Draconian growth]
  4198 | D:4      | Found a transporter.
  4479 | D:5      | Entered Level 5 of the Dungeon
  4500 | D:5      | XOM: 2-stop teleportation journey
  4509 | D:5      | XOM: torment (34/67 hp)
  4766 | D:5      | XOM: confusion
  4780 | D:5      | XOM: smoke on damage
  4797 | D:5      | XOM: cleaving
  4799 | D:5      | XOM: divination: detect items
  4800 | D:5      | XOM: chaos cloud
  5048 | D:5      | XOM: give mutations
  5048 | D:5      | Lost mutation: You are robust. (+10% HP) [Xom's mischief]
  5048 | D:5      | Lost mutation: You expend magic power (3 MP) to strengthen
                  | your wands. [Xom's mischief]
  5059 | D:5      | XOM: noise
  5203 | D:6      | Noticed Edmund
  5211 | D:6      | Killed Edmund
  5212 | D:6      | Reached skill level 5 in Dodging
  5281 | D:6      | Reached skill level 7 in Axes
  5281 | D:6      | Reached XP level 8. HP: 70/70 MP: 8/8
  5452 | D:6      | Found a runed translucent gate.
  5452 | D:6      | Found a runed translucent gate.
  5452 | D:6      | XOM: 1-stop teleportation journey
  5457 | D:6      | Found a runed translucent gate.
  5459 | D:6      | Noticed a kobold demonologist
  5459 | D:6      | Noticed bezhaha's ghost (novice OpWz)
  5471 | D:6      | XOM: scenery: 1 fountains blood, 3 doors open
  5479 | D:6      | XOM: confuse monster(s)
  5493 | D:6      | Reached skill level 8 in Axes
  5523 | D:6      | Noticed a meliai
  5523 | D:6      | an ice beast changed into a meliai
  5523 | D:6      | XOM: polymorph ice beast -> meliai
  5529 | D:6      | HP: 1/70 [meliai (7)]
  5529 | D:6      | Killed from afar by a meliai

Illustrated notes

Levels and vault maps discovered:
D:1:      tarquinn_simple_flora_water_d, layout_loops_ring
D:2:      layout_basic, shapermc_ecumenical_altar_totnotflames,
          minmay_misc_feat_ornament, kennysheep_another_room
D:3:      layout_loops_ring, ebering_ghost_rock_garden
D:4:      layout_loops_corners, minmay_temple_entry_overgrown,
          gammafunk_ghost_gnarly_gnolls
D:5:      layout_cave_pools, corner_web_ring
D:6:      layout_loops_ring, gammafunk_ghost_nasty_kobolds, uniq_edmund
Temple:   lightli_temple_of_artemis

Skill      XL: |  1  2  3  4  5  6  7  8 |
---------------+-------------------------+-----
Fighting       | 4 5 6 |  6.1
Axes           | 4 5 6 7 8 |  8.1
Dodging        | 3 4 5 |  5.7
Evocations     | |  0.3

Action                   |  1- 3 |  4- 6 |  7- 9 || total
-------------------------+-------+-------+-------++-------
Melee: Hand axe          |   113 |   146 |    93 ||   352
       Tailslap          |     7 |    17 |    12 ||    36
Evoke: Wand              |       |     1 |     3 ||     4
  Use: Scroll            |     1 |     5 |     1 ||     7
       Potion            |       |       |     2 ||     2
 Stab: Sleeping          |     1 |       |     1 ||     2
       Confused          |     1 |       |       ||     1
       Petrified         |       |     7 |       ||     7
       Distracted        |       |     1 |       ||     1
Armor: Skin              |    51 |    73 |    22 ||   146
Dodge: Dodged            |    73 |   101 |    84 ||   258

Table legend: (Time is in decaauts)
 A = Elapsed time spent in this place.
 B = Non-inter-level travel time spent in this place.
 C = Inter-level travel time spent in this place.
 D = Time resting spent in this place.
 E = Time spent auto-exploring this place.
 F = Levels seen in this place.
 G = Mean time per level.
                   A        B        C        D        E       F      G
               +--------+--------+--------+--------+--------+-----+--------+
         Total |   5557 |   5391 |    166 |    637 |   3496 |   7 |  793.9 |
       Dungeon |   5434 |   5279 |    155 |    637 |   3456 |   6 |  905.7 |
        Temple |    122 |    111 |     11 |      0 |     40 |   1 |  122.0 |
               +--------+--------+--------+--------+--------+-----+--------+

Top non-repeatable levels by time:
     D:2: 1335 daAuts
     D:4: 1117 daAuts
     D:1: 1012 daAuts
     D:3: 921 daAuts
     D:5: 777 daAuts
     D:6: 270 daAuts
  Temple: 122 daAuts
